 Dungeon Crawl Stone Soup version 0.32-a0-960-g3814254bd7 (webtiles) character file.

Game seed: 7391628546673206324

82 trashops the Chopper (level 4, 0/40 HPs)
             Began as a Mountain Dwarf Fighter on Apr 17, 2024.
             Slain by a kobold
             ... wielding a +0 dagger
              (1 damage)
             ... on level 3 of the Dungeon.
             The game lasted 00:02:34 (2094 turns).

trashops the Chopper (Mountain Dwarf Fighter)       Turns: 2094, Time: 00:02:35

Health: 0/40       AC:  9    Str: 20    XL:     4   Next: 21%
Magic:  4/4        EV:  7    Int:  9    God:
Gold:   70         SH:  7    Dex:  9    Spells: 3/3 levels left

rFire   . . .        a - +0 war axe
rCold   . . .        h - +0 kite shield
rNeg    . . .        b - +0 scale mail
rPois   .            (no helmet)
rElec   .            (no cloak)
rCorr   .            (no gloves)
SInv    .            g - +1 pair of boots
Will    .....        (no amulet) Stlth
                     (no ring)
HPRegen 0.26/turn    (no ring)
MPRegen 0.09/turn

%: no passive effects
@: lethally poisoned (0 -> -7)
A: runic magic, artefact enchanting
a: no special abilities


You were on level 3 of the Dungeon.
You visited 1 branch of the dungeon, and saw 3 of its levels.

You collected 70 gold pieces.

Inventory:

Hand Weapons
 a - a +0 war axe (weapon)
Armour
 b - a +0 scale mail (worn)
 g - a +1 pair of boots (worn)
 h - a +0 kite shield (worn)
Jewellery
 l - an amulet of the acrobat
Wands
 k - a wand of digging (1)
Scrolls
 f - 3 scrolls of identify {unknown}
 n - a scroll of brand weapon {unknown}
Potions
 c - a potion of brilliance {unknown}
 d - a potion of might
 e - a potion of mutation {unknown}
 i - a potion of lignification {unknown}
 j - a potion of curing {unknown}
 m - 2 potions of attraction {unknown}


   Skills:
 + Level 3.7 Fighting
 * Level 4.1 Axes
 + Level 3.9 Armour
 + Level 3.8 Shields


You had 3 spell levels left.
You didn't know any spells.
Your spell library contained the following spells:

 Spells                   Type           Power      Damage    Failure   Level
 Lesser Beckoning         Tloc           0%         N/A       88%         2
 Maxwell's Portable Pile  Tloc           0%         2d(5-13)  98%         3
 Teleport Other           Tloc           0%         N/A       98%         3


Dungeon Overview and Level Annotations

Branches:
Dungeon (3/15)

Altars:
Fedhas
Gozag
Ru


Innate Abilities, Weirdness & Mutations

Your spellcasting is much less encumbered by armour.
You can use scrolls of enchantment on lesser artefacts.


Message History

You block the frilled lizard's attack.
You barely miss the frilled lizard.
You feel sick. You block the frilled lizard's attack.
You completely miss the frilled lizard. You closely miss the goblin.
You feel sick.
The kobold throws a poisoned dart.
The poisoned dart hits you!
You are more poisoned.
You block the goblin's attack.
The frilled lizard bites you but does no damage.
The goblin barely misses you.
The frilled lizard bites you but does no damage.
You closely miss the goblin. You barely miss the frilled lizard.
You feel very sick.
The kobold throws a poisoned dart.
The poisoned dart hits you!
You are more poisoned.
You block the goblin's attack. The frilled lizard barely misses you.
You slash the goblin!
You kill the goblin!
You completely miss the frilled lizard.
You feel very sick.
The kobold throws a poisoned dart.
The poisoned dart hits you!
You are lethally poisoned!
The frilled lizard bites you but does no damage.
You block the frilled lizard's attack.
* * * LOW HITPOINT WARNING * * *
You feel very sick. The kobold hits you with a +0 dagger.
* * * LOW HITPOINT WARNING * * *
The frilled lizard bites you but does no damage.
You closely miss the kobold. You closely miss the frilled lizard.
* * * LOW HITPOINT WARNING * * *
You feel very sick. The kobold hits you but does no damage.
The frilled lizard bites you but does no damage.
You hit the kobold.
The kobold is heavily wounded.
You miss the frilled lizard.
* * * LOW HITPOINT WARNING * * *
You feel very sick. The kobold hits you with a +0 dagger.
You die...

#.# ♣♣.......♣♣ #.#
♣...._....♣ #.#
♣......... ##.# ..÷...÷.
#..# ...... #### ♣...♣
♣♣.K.♣♣
♣♣♣♣♣.)@..♣♣♣♣♣#########
......l.............)...
######################.#
######### ##..#
........# #####..##
........# ##.....###
........###..##### #
##........##..## # ##.
........##.## #


You could see a kobold and a frilled lizard.

Vanquished Creatures
  2 adders (D:2)
  4 dart slugs (D:2)
  An orc (D:3)
  2 bats (D:1)
  6 endoplasms
  2 giant cockroaches (D:2)
  6 hobgoblins
  A quokka (D:1)
  4 ball pythons
  3 frilled lizards
  11 goblins
  4 kobolds
  7 rats
53 creatures vanquished.

Notes
Turn   | Place    | Note
-------+----------+-------------------------------------------
     0 | D:1      | trashops the Mountain Dwarf Fighter began the quest for the
                  | Orb.
     0 | D:1      | Reached XP level 1. HP: 19/19 MP: 1/1
   306 | D:1      | Reached XP level 2. HP: 26/26 MP: 2/2
  1032 | D:2      | Reached skill level 3 in Axes
  1043 | D:2      | Reached XP level 3. HP: 31/31 MP: 3/3
  1285 | D:2      | Reached skill level 4 in Axes
  1491 | D:2      | Reached XP level 4. HP: 37/39 MP: 4/4
  1623 | D:3      | Found an opulent altar of Gozag.
  1646 | D:3      | Found a faded altar of an unknown god.
  1670 | D:3      | Found a sacrificial altar of Ru.
  2084 | D:3      | Found a blossoming altar of Fedhas.
  2094 | D:3      | HP: 1/40 [poisoned by a kobold]
  2094 | D:3      | Slain by a kobold

Illustrated notes

Levels and vault maps discovered:
D:1:      minmay_arrival_diagonal_passages, layout_loops_ring, serial_bayou,
          serial_bayou_pond_c, serial_bayou_lagoon_b, serial_bayou_pond_d,
          serial_bayou_ford_a, serial_bayou_shore_a, serial_bayou_pond_c
D:2:      layout_basic, grunt_ministairs_15, interstate_on_off
D:3:      layout_basic, nicolae_ru_sacrificial_ziggurat,
          fedhas_altar_fruit_tree,
          pdpol_temple_overflow_zin_treasury_gozag_greed, basic_ecumenical_altar

Skill      XL: |  1  2  3 |
---------------+----------+-----
Axes           | 3 4 |  4.1
Fighting       | |  3.7
Armour         | |  3.9
Shields        | |  3.8

Action                     |  1- 3 |  4- 6 || total
---------------------------+-------+-------++-------
  Melee: War axe           |   127 |    30 ||   157
 Armour: Scale mail        |    91 |    23 ||   114
  Dodge: Dodged            |    46 |     9 ||    55
  Block: Buckler           |    11 |       ||    11
         Kite shield       |    35 |    14 ||    49

Table legend: (Time is in decaauts)
 A = Elapsed time spent in this place.
 B = Non-inter-level travel time spent in this place.
 C = Inter-level travel time spent in this place.
 D = Time resting spent in this place.
 E = Time spent auto-exploring this place.
 F = Levels seen in this place.
 G = Mean time per level.
                   A        B        C        D        E       F      G
               +--------+--------+--------+--------+--------+-----+--------+
         Total |   2206 |   2153 |     53 |     56 |   1652 |   3 |  735.3 |
       Dungeon |   2206 |   2153 |     53 |     56 |   1652 |   3 |  735.3 |
               +--------+--------+--------+--------+--------+-----+--------+

Top non-repeatable levels by time:
     D:1: 992 daAuts
     D:2: 723 daAuts
     D:3: 490 daAuts
